 Dungeon Crawl Stone Soup version 0.22-a0-443-g17c3723 (webtiles) character file.

270628 toffzen the Brawler (level 19, -7/197 HPs)
             Began as a Troll Warper on May 29, 2018.
             Was the Champion of Makhleb.
             Mangled by Mennas
             ... wielding a +1 sacred scourge of holy wrath
              (15 damage)
             ... on level 3 of the Vaults on May 31, 2018.
             The game lasted 03:43:45 (45535 turns).

toffzen the Brawler (Troll Warper)                 Turns: 45535, Time: 03:43:46

Health: -7/197     AC: 20    Str: 35    XL:     19   Next: 43%
Magic:  35/35      EV: 19    Int:  9    God:    Makhleb [******]
Gold:   2765       SH: 17    Dex: 19    Spells: 18/20 levels left

rFire    . . .     SeeInvis +     - Unarmed
rCold    + + .     Gourm    +   B - +0 shield
rNeg     . . .     Faith    .   X - +0 storm dragon scales
rPois    +         Spirit   .   (helmet restricted)
rElec    +         Reflect  +   H - +0 cloak
rCorr    .         Harm     .   (gloves unavailable)
MR       +....                  (boots unavailable)
Stlth    ..........             Y - +4 amulet of reflection
HPRegen  0.82/turn              S - ring "Kidil" {rPois rC++ MP+9 SInv}
MPRegen  0.24/turn              O - +5 ring of strength

@: mighty, agile, hasted (expiring), glowing, very quick
A: large, unfitting armour, claws 3, fast metabolism 3, gourmand, regeneration
1, shaggy fur 1, tough skin 2
}: 2/15 runes: serpentine, barnacled
a: Minor Destruction, Lesser Servant of Makhleb, Major Destruction, Greater
Servant of Makhleb, Renounce Religion


You were on level 3 of the Vaults.
You worshipped Makhleb.
Makhleb was exalted by your worship.
You were very full.

You visited 7 branches of the dungeon, and saw 35 of its levels.
You visited the Abyss 1 time.
You also visited: Ice Cave.

You collected 4011 gold pieces.
You spent 1246 gold pieces at shops.

Inventory:

Missiles
 c - 6 throwing nets
 g - 955 stones
 l - 59 large rocks (quivered)
 y - 5 steel tomahawks
 F - 30 tomahawks
 G - 8 poisoned tomahawks
Armour
 B - a +0 shield (worn)
 H - a +0 cloak (worn)
 X - +0 storm dragon scales (worn)
Jewellery
 O - a +5 ring of strength (right claw)
 S - the ring "Kidil" (left claw) {rPois rC++ MP+9 SInv}
   (You found it on level 11 of the Dungeon)

   [ring of poison resistance]

   It greatly protects you from cold.
   It protects you from poison.
   It affects your magic capacity (+9).
   It lets you see invisible.
 W - an uncursed ring of resist corrosion
 Y - a +4 amulet of reflection (around neck)
Wands
 e - a wand of enslavement (25)
 k - a wand of iceblast (20)
 C - a wand of acid (13)
 E - a wand of paralysis (38)
 P - a wand of flame (49)
Scrolls
 d - a scroll of silence
 h - 17 scrolls of remove curse
 i - 4 scrolls of teleportation
 m - 3 scrolls of magic mapping
 o - 6 scrolls of fog
 s - a scroll of fear
 v - 6 scrolls of enchant armour
 w - 3 scrolls of torment
 I - a scroll of summoning
 K - a scroll of acquirement
 M - a scroll of holy word
 N - 4 scrolls of enchant weapon
 Q - a scroll of blinking
 T - 2 scrolls of identify
Potions
 b - 9 potions of curing
 j - 3 potions of lignification
 n - 9 potions of brilliance
 p - a potion of berserk rage
 q - 2 potions of ambrosia
 r - a potion of might
 t - a potion of resistance
 u - 5 potions of degeneration
 x - a potion of invisibility
 z - 2 potions of flight
 A - 2 potions of magic
 D - a potion of mutation
 J - 6 potions of cancellation
Miscellaneous
 R - a lightning rod (4/4)
 V - a lightning rod (4/4)
 Z - a phantom mirror
Comestibles
 f - 33 rations


   Skills:
 + Level 14.2 Fighting
 - Level 0.8 Throwing
 + Level 13.9 Armour
 - Level 9.5 Dodging
 - Level 9.0 Shields
 + Level 18.8 Unarmed Combat
 - Level 1.2 Spellcasting
 - Level 2.1 Translocations
 + Level 11.1 Invocations


You had 18 spell levels left.
You knew the following spells:

 Your Spells              Type           Power        Failure   Level  Hunger
a - Blink                 Tloc           N/A          52%         2    ###....

Your spell library contained the following spells:

 Spells                   Type           Power        Failure   Level  Hunger
 Cause Fear               Hex            #.........   100%        4    #####..
 Magic Dart               Conj           #...         71%         1    ##.....
 Fireball                 Conj/Fire      #.........   100%        5    ######.
 Conjure Flame            Conj/Fire      #.......     97%         3    ####...
 Bolt of Magma            Conj/Fire/Erth #.........   100%        5    ######.
 Slow                     Hex            #.......     83%         2    ###....
 Confuse                  Hex            #.......     97%         3    ####...
 Throw Flame              Conj/Fire      #.....       83%         2    ###....
 Controlled Blink         Tloc           N/A          100%        8    #######
 Mephitic Cloud           Conj/Pois/Air  #.......     97%         3    ####...
 Teleport Other           Tloc           #.......     77%         3    ####...
 Animate Dead             Necr           N/A          100%        4    #####..
 Pain                     Necr           #...         71%         1    ##.....
 Animate Skeleton         Necr           N/A          71%         1    ##.....
 Vampiric Draining        Necr           #.........   97%         3    ####...
 Sticky Flame             Conj/Fire      #.......     100%        4    #####..
 Ozocubu's Armour         Chrm/Ice       #.......     97%         3    ####...
 Call Imp                 Summ           #.......     83%         2    ###....
 Regeneration             Chrm/Necr      #.........   97%         3    ####...
 Tukima's Dance           Hex            #.......     97%         3    ####...
 Statue Form              Tmut/Erth      #........    100%        6    #######
 Flame Tongue             Conj/Fire      #....        71%         1    ##.....
 Passwall                 Tmut/Erth      #.......     83%         2    ###....
 Sticks to Snakes         Tmut           #.......     83%         2    ###....
 Ensorcelled Hibernation  Hex/Ice        #.....       83%         2    ###....
 Corona                   Hex            #......      71%         1    ##.....
 Lee's Rapid Deconstruct  Erth           #.........   100%        5    ######.
 Sandblast                Erth           #.....       71%         1    ##.....
 Portal Projectile        Hex/Tloc       #.....       89%         3    ####...
 Passage of Golubria      Tloc           N/A          99%         4    #####..
 Leda's Liquefaction      Hex/Erth       #.........   100%        4    #####..
 Shroud of Golubria       Chrm/Tloc      #.........   69%         2    ###....
 Inner Flame              Hex/Fire       #.......     97%         3    ####...
 Beastly Appendage        Tmut           #.....       71%         1    ##.....
 Iskenderun's Battlesphe  Conj/Chrm      #.......     100%        5    ######.
 Dazzling Spray           Conj/Hex       #.....       97%         3    ####...
 Irradiate                Conj/Tmut      #.........   100%        5    ######.
 Gell's Gravitas          Tloc           #.........   77%         3    ####...
 Lesser Beckoning         Tloc           #.........   77%         3    ####...


Dungeon Overview and Level Annotations

Branches:
Dungeon (15/15)            Temple (1/1) D:4            Lair (6/6) D:8
 Shoals (4/4) Lair:4        Snake (4/4) Lair:3          Orc (2/2) D:9
    Elf (0/3) Orc:2        Vaults (3/5) D:14         Depths (0/5) D:15
  Slime: Lair:5-6     Crypt: Vaults:2-3

Altars:
Ashenzari
Cheibriados
Dithmenos
Elyvilon
Fedhas
Gozag
Hepliaklqana
Kikubaaqudgha
Makhleb
Nemelex Xobeh
Okawaru
Qazlal
Ru
Sif Muna
Trog
Uskayaw
Vehumet
Wu Jian
Xom
Zin
The Shining One
Beogh

Shops:
D:5 *   D:8 (   D:11 ?   D:15 *   Orc:2 *%:!   Vaults:3 *=

Annotations:
Lair:5 exclusion: 3 oklob plants
Vaults:3 Mennas


Innate Abilities, Weirdness & Mutations

You are too large for most types of armour.
You have claws for hands.
Your metabolism is lightning-fast.
You like to eat raw meat.
Your natural rate of healing is unusually fast.
You are covered in fur. (AC +1)
You have very tough skin. (AC +2)


Message History

Mennas is severely wounded.
A deep elf mage comes into view. It is wielding a dagger.
Mennas gestures frantically.
Mennas is healed somewhat.
You completely miss Mennas.
Mennas is heavily wounded.
The deep elf mage shouts!
You hear a shout!
You barely miss Mennas.
Mennas is heavily wounded.
You block Mennas's attack. Mennas misses you.
Unknown command.
Press: ? - help, Shift-Dir - straight line
Okay, then.
Unknown command.
Unknown command.
Unknown command.
A demon appears!
You recover from your berserk rage.
Mennas hits you with a sacred scourge of holy wrath!
You die...

...#...#.......#)..+....#.
#####.......#####......
##...........#########
#....##.##....#
#....#...#....#
#∩..##.8.##..?#
######...######
########'### .......@..#
........A4# ..........#
?.........s. ..........'..
#####.....#....
#.....#..e. #.....#....


You could see Mennas, a wolf spider, a deep elf mage and a friendly hellwing.

Vanquished Creatures
  Vashnia (Snake:4)
  Asterion (Snake:1)
  The ghost of torrenera the Peltast, an adept TrMo of Cheibriados (Vaults:1)
  A storm dragon (Vaults:3)
  11 nagarajas (Snake:4)
  Roxanne (Snake:4)
  Ilsuiw (Shoals:4)
  A frost giant (Vaults:3)
  2 vault wardens
  A deep elf sorcerer (Vaults:1)
  5 ironheart preservers
  A war gargoyle (Vaults:1)
  A very ugly thing (Vaults:2)
  Nessos (D:15)
  2 stone giants
  A deep elf annihilator (Vaults:1)
  5 merfolk javelineers
  A fire dragon (Vaults:1)
  2 ettins
  8 ogre magi
  Josephine (Snake:1)
  7 merfolk impalers
  A deep elf high priest (D:13)
  6 ice dragons
  7 yaktaur captains
  12 naga warriors
  A hydra (D:15)
  2 merfolk avatars (Shoals:3)
  5 centaur warriors
  2 vault guards (Vaults:1)
  2 merfolk aquamancers (Shoals:4)
  3 death knights
  17 anacondas
  3 alligator snapping turtles
  2 dancing weapons (D:14)
  A catoblepas (D:14)
  A satyr (Shoals:4)
  2 tengu warriors
  24 two-headed ogres
  7 shock serpents
  3 death yaks (Lair:1)
  2 thrashing horrors (Abyss:2)
  9 orc high priests
  9 naga sharpshooters
  A deep elf knight (Vaults:1)
  A wretched star (Abyss:2)
  2 cherubim
  2 shadow wraiths
  A skeletal warrior (D:15)
  6 unseen horrors
  4 sea snakes
  8 deep trolls
  A death drake (shapeshifter) (Vaults:2)
  A wizard (Vaults:2)
  6 naga ritualists
  2 deep elf archers
  A glowing orange brain (Vaults:2)
  7 ironbrand convokers
  A phantasmal warrior (D:15)
  A lindwurm (Lair:6)
  3 orc knights
  3 wolf spiders
  5 harpies (Shoals:1)
  8 manticores
  6 ugly things
  4 fauns (Shoals:4)
  6 mana vipers
  5 salamanders
  15 cyclopes
  A wolf spider zombie (Abyss:2)
  2 orc sorcerers
  5 deep elf magi
  Maurice (D:8)
  Joseph (D:7)
  15 guardian serpents
  An apocalypse crab (Abyss:2)
  6 merfolk sirens
  9 elephants
  3 water nymphs
  27 black mambas
  5 vault sentinels
  6 torpor snails
  2 smoke demons (Abyss:2)
  15 naga magi
  11 spiny frogs
  A spiny frog (shapeshifter) (D:15)
  2 freezing wraiths
  8 komodo dragons
  2 rime drakes
  A rime drake (shapeshifter) (D:15)
  3 yaktaurs
  A tengu conjurer (Shoals:4)
  2 trolls
  A queen bee (shapeshifter) (Vaults:1)
  28 merfolk
  3 meliai (D:15)
  3 tyrant leeches (Lair:6)
  A troll (shapeshifter) (Vaults:2)
  2 hornets (shapeshifter)
  11 slime creatures
  23 blink frogs
  9 hippogriffs
  5 wind drakes
  10 hornets
  3 raiju (Abyss:2)
  A meliai zombie (D:14)
  11 snapping turtles
  A flying skull (Abyss:2)
  8 redbacks
  A vampire (D:13)
  4 shadows
  6 wraiths
  A large abomination (Abyss:2)
  An orc simulacrum (Vaults:2)
  28 yaks
  7 water elementals
  15 wyverns
  A yak (shapeshifter) (D:14)
  3 hungry ghosts
  5 small abominations (Abyss:2)
  6 basilisks
  A neqoxec (Abyss:2)
  7 vampire mosquitoes
  13 wargs
  Edmund (D:4)
  2 acid dragons
  50 nagas
  Duvessa (D:5)
  A porcupine (shapeshifter) (Vaults:2)
  A hell hound (Abyss:2)
  3 soldier ants
  21 water moccasins
  24 orc warriors
  6 porcupines
  An eye of draining (D:9)
  4 sky beasts
  The ghost of SpeedyPerson7 the Shield-Bearer, an amateur DDFi (D:4)
  8 ice beasts
  3 black bears
  30 ogres
  5 phantoms
  9 wolves
  3 boggarts (Vaults:1)
  10 centaurs
  19 crocodiles
  Blork the orc (D:4)
  3 big kobolds
  10 bullfrogs
  A gnoll sergeant (D:13)
  Dowan (D:5)
  A wyvern skeleton (D:13)
  5 scorpions
  A human simulacrum (Vaults:1)
  3 troll zombies (D:9)
  8 wights
  An electric eel (D:6)
  6 crimson imps
  3 quasits
  6 centaur zombies
  2 bullfrog zombies
  43 orc priests
  3 hounds
  6 jellies
  19 orc wizards
  3 bullfrog skeletons
  3 centaur skeletons
  9 iguanas
  Natasha (thrice) (D:2)
  11 worker ants
  3 ogre zombies (D:9)
  A hound zombie (D:7)
  2 hound skeletons
  Robin (D:4)
  18 adders
  7 gnolls
  4 white imps
  2 adder zombies
  2 oozes
  2 adder skeletons
  A worm (D:8)
  3 dart slugs
  9 leopard geckos
  93 orcs
  5 giant cockroaches
  19 goblins
  6 hobgoblins
  3 jackals (D:3)
  2 quokkas
  2 ball pythons
  9 bats
  17 frilled lizards
  2 goblin skeletons (D:9)
  2 goblin zombies (D:9)
  2 hobgoblin skeletons (D:9)
  A hobgoblin zombie (D:9)
  A jackal skeleton (D:4)
  21 kobolds
  An orc skeleton (D:9)
  13 orc zombies (D:9)
  A quokka skeleton (D:6)
  13 rats
  A fungus (Lair:4)
  4 plants
  2 tentacles (Shoals:3)
1256 creatures vanquished.

Vanquished Creatures (collateral kills)
  A storm dragon (D:14)
  Aizul (Snake:1)
  3 naga warriors
  2 hydras
  2 anacondas (Snake:4)
  A two-headed ogre (D:13)
  A dancing weapon (D:13)
  2 ironbrand convokers (Vaults:1)
  An orc knight (Vaults:1)
  A lindwurm (Lair:6)
  2 deep elf magi (Vaults:1)
  A faun (Shoals:4)
  A mana viper (Snake:4)
  A cyclops (D:14)
  A salamander (Snake:2)
  2 elephants (Lair:3)
  A vault sentinel (Vaults:1)
  3 merfolk sirens (Shoals:4)
  2 guardian serpents (Snake:4)
  A black mamba (Snake:3)
  A merfolk (Shoals:4)
  2 hornets
  8 blink frogs
  3 hippogriffs
  3 redbacks (Snake:2)
  14 yaks
  4 wyverns (Lair:6)
  A two-headed ogre zombie (D:9)
  2 nagas
  A water moccasin (D:9)
  An orc warrior (Vaults:1)
  3 ice beasts
  2 ogres
  A phantom (D:8)
  2 wolves (Lair:6)
  A big kobold (D:9)
  A bullfrog (D:14)
  A troll zombie (D:9)
  2 orc priests
  An iguana (D:9)
  An orc wizard (Vaults:1)
  An adder (Lair:3)
  6 orcs
  A frilled lizard (Lair:5)
  A goblin zombie (D:9)
  2 orc skeletons (D:9)
  An orc zombie (D:9)
  2 fungi
  3 plants
  A tentacle (Shoals:3)
103 creatures vanquished.

Vanquished Creatures (others)
  A deep elf archer (Vaults:2)
  A salamander (Snake:3)
  A yaktaur (Vaults:1)
  A centaur (Shoals:3)
  18 fungi
  85 plants
  6 tentacles (Shoals:3)
113 creatures vanquished.

Grand Total: 1472 creatures vanquished

Notes
Turn   | Place    | Note
-------+----------+-------------------------------------------
     0 | D:1      | toffzen the Troll Warper began the quest for the Orb.
     0 | D:1      | Reached XP level 1. HP: 19/19 MP: 1/1
    93 | D:1      | Reached XP level 2. HP: 23/28 MP: 2/2
   451 | D:1      | Reached XP level 3. HP: 31/35 MP: 3/3
  1173 | D:2      | Noticed Natasha
  1181 | D:2      | Killed Natasha
  1181 | D:2      | Reached skill level 3 in Unarmed Combat
  1181 | D:2      | Reached XP level 4. HP: 29/44 MP: 4/4
  1194 | D:2      | Found a shimmering altar of Xom.
  1205 | D:2      | Noticed Natasha
  1235 | D:2      | Killed Natasha
  1426 | D:2      | Found a glowing silver altar of Zin.
  1426 | D:2      | Found a bloodstained altar of Trog.
  1427 | D:2      | Found a blossoming altar of Fedhas.
  1449 | D:2      | Found a shattered altar of Ashenzari.
  1507 | D:3      | Reached XP level 5. HP: 26/52 MP: 5/5
  2128 | D:3      | Found an opulent altar of Gozag.
  2406 | D:4      | Found a staircase to the Ecumenical Temple.
  2411 | D:4      | Noticed SpeedyPerson7's ghost (amateur DDFi)
  2432 | D:4      | Killed SpeedyPerson7's ghost
  2432 | D:4      | Reached skill level 4 in Unarmed Combat
  2432 | D:4      | Reached XP level 6. HP: 25/61 MP: 6/6
  2543 | Temple   | Entered the Ecumenical Temple
  2752 | Temple   | Became a worshipper of Makhleb the Destroyer
  2800 | D:4      | Found a blossoming altar of Fedhas.
  2967 | D:4      | Noticed Edmund
  2992 | D:4      | Killed Edmund
  3114 | D:4      | Reached skill level 5 in Unarmed Combat
  3114 | D:4      | Reached skill level 1 in Invocations
  3114 | D:4      | Reached XP level 7. HP: 57/68 MP: 7/7
  3314 | D:4      | Noticed Blork the orc
  3352 | D:4      | Killed Blork the orc
  3401 | D:4      | Noticed Robin
  3448 | D:4      | Reached * piety under Makhleb
  3465 | D:4      | Killed Robin
  3521 | D:4      | Reached skill level 6 in Unarmed Combat
  3521 | D:4      | Reached XP level 8. HP: 62/78 MP: 8/8
  3936 | D:5      | Entered Level 5 of the Dungeon
  4042 | D:5      | Reached skill level 7 in Unarmed Combat
  4154 | D:5      | Reached ** piety under Makhleb
  4178 | D:5      | Found Diof's Assorted Antiques.
  4301 | D:5      | Reached skill level 5 in Dodging
  4469 | D:5      | Noticed Dowan
  4473 | D:5      | Noticed Duvessa
  4485 | D:5      | Killed Duvessa
  4485 | D:5      | Reached skill level 5 in Fighting
  4485 | D:5      | Reached XP level 9. HP: 88/88 MP: 10/10
  4488 | D:5      | Killed Dowan
  4767 | D:5      | Found a sparkling altar of Nemelex Xobeh.
  4820 | D:6      | Noticed a two-headed ogre
  4884 | D:6      | Killed a two-headed ogre
  4884 | D:6      | Reached skill level 8 in Unarmed Combat
  5368 | D:6      | Got an iridescent dagger
  6042 | D:7      | Reached skill level 1 in Armour
  6278 | D:7      | Noticed Joseph
  6279 | D:7      | Found a shattered altar of Ashenzari.
  6293 | D:7      | Reached skill level 9 in Unarmed Combat
  6304 | D:8      | Noticed a two-headed ogre
  6314 | D:8      | HP: 3/89 [two-headed ogre/giant spiked club (30)]
  6325 | D:8      | Found a staircase to the Lair.
  6370 | D:8      | Reached *** piety under Makhleb
  6563 | D:7      | Killed Joseph
  6563 | D:7      | Reached XP level 10. HP: 61/98 MP: 12/12
  6644 | D:7      | Reached skill level 5 in Invocations
  7050 | D:8      | Noticed Maurice
  7312 | D:8      | Found Gass's Antique Weapon Boutique.
  7340 | D:8      | Killed a two-headed ogre
  7618 | D:8      | Noticed a deep elf mage
  7627 | D:8      | Killed a deep elf mage
  7627 | D:8      | Reached skill level 10 in Unarmed Combat
  7642 | D:8      | Killed Maurice
  8189 | D:9      | Noticed a two-headed ogre
  8207 | D:9      | Killed a two-headed ogre
  8234 | D:9      | Reached XP level 11. HP: 102/107 MP: 14/14
  8320 | D:9      | Found a staircase to the Orcish Mines.
  8420 | D:9      | Reached **** piety under Makhleb
  8712 | D:9      | Paralysed by a hornet for 1 turns
  9005 | D:9      | Found a sparkling altar of Nemelex Xobeh.
  9388 | D:10     | Entered Level 10 of the Dungeon
  9607 | D:10     | Got an ichor-stained great sword
  9814 | D:10     | Reached skill level 11 in Unarmed Combat
 10160 | Lair:1   | Entered Level 1 of the Lair of Beasts
 10240 | Lair:1   | Learned a level 2 spell: Blink
 10544 | Lair:1   | Noticed a death yak
 10545 | Lair:1   | Noticed a death yak
 10548 | Lair:1   | Noticed a death yak
 10557 | Lair:1   | Killed a death yak
 10572 | Lair:1   | Killed a death yak
 10582 | Lair:1   | Killed a death yak
 11548 | Lair:2   | Reached XP level 12. HP: 72/118 MP: 16/16
 11846 | Lair:2   | Reached skill level 5 in Armour
 11846 | Lair:2   | Reached skill level 12 in Unarmed Combat
 12229 | Lair:3   | Upgraded the game from 0.22-a0-439-gac93bac to 0.22-a0-441-gcf5b0c6
 12434 | Lair:3   | Found a staircase to the Snake Pit.
 13637 | Lair:4   | Found a staircase to the Shoals.
 13672 | Lair:4   | Identified the Incunabulum of the Rattle-Snake
 14005 | Lair:4   | Reached skill level 13 in Unarmed Combat
 14209 | Lair:4   | You fall through a shaft for 2 floors!
 14209 | Lair:6   | Entered Level 6 of the Lair of Beasts
 14217 | Lair:6   | Noticed a four-headed hydra
 14522 | Lair:5   | Reached XP level 13. HP: 94/128 MP: 18/18
 16876 | D:11     | Found Depipus's Magic Scroll Shop.
 16882 | D:11     | Bought a scroll of teleportation for 51 gold pieces
 16882 | D:11     | Bought a scroll of identify for 34 gold pieces
 16882 | D:11     | Bought a scroll of teleportation for 51 gold pieces
 16882 | D:11     | Bought a scroll of teleportation for 51 gold pieces
 16883 | D:11     | Bought a scroll of identify for 34 gold pieces
 16883 | D:11     | Bought a scroll of identify for 34 gold pieces
 16883 | D:11     | Bought a scroll of identify for 34 gold pieces
 16884 | D:11     | Identified a scroll of acquirement
 17167 | D:11     | Got a heavily runed turquoise ring
 17169 | D:11     | Identified the ring "Kidil" {rPois rC++ MP+9 SInv} (You found it on level 11 of the Dungeon)
 17552 | D:12     | Found a frozen archway.
 17559 | IceCv    | Entered an ice cave
 18579 | D:13     | Reached ***** piety under Makhleb
 19445 | D:13     | Reached skill level 14 in Unarmed Combat
 19833 | D:14     | Noticed a storm dragon
 20654 | D:14     | Noticed an ettin
 20659 | D:14     | Killed an ettin
 20659 | D:14     | Reached XP level 14. HP: 140/140 MP: 19/19
 20689 | D:14     | Killed a storm dragon
 20802 | D:14     | Identified the Catalogue of Darkness and Aid
 20980 | D:14     | Found a gate to the Vaults.
 21286 | D:15     | Entered Level 15 of the Dungeon
 21406 | D:15     | Found Qaihi's Assorted Antiques.
 21410 | D:15     | Bought a potion of haste for 390 gold pieces
 21410 | D:15     | Bought 2 potions of curing for 234 gold pieces
 21693 | D:15     | Noticed Nessos
 22268 | D:15     | Killed Nessos
 22363 | D:15     | Found a staircase to the Depths.
 22795 | Lair:6   | Reached skill level 15 in Unarmed Combat
 23115 | Lair:6   | Reached skill level 10 in Fighting
 24000 | Lair:6   | Found a runed door.
 24104 | Lair:6   | Reached XP level 15. HP: 149/149 MP: 20/20
 24830 | Lair:6   | Reached skill level 10 in Armour
 25531 | Orc:1    | Entered Level 1 of the Orcish Mines
 25820 | Orc:1    | Found a roughly hewn altar of Beogh.
 25895 | Orc:1    | Found a burning altar of Makhleb.
 26010 | Orc:2    | Entered Level 2 of the Orcish Mines
 26730 | Orc:2    | Found Bech's Food Boutique.
 26730 | Orc:2    | Found Ulyqifory's General Store.
 26736 | Orc:2    | Bought a scroll of teleportation for 33 gold pieces
 26754 | Orc:2    | Found a roughly hewn altar of Beogh.
 27073 | Orc:2    | Found a staircase to the Elven Halls.
 27332 | Orc:2    | Found Belouje's Distillery.
 27332 | Orc:2    | Found Haegarr's Book Shoppe.
 27336 | Orc:2    | Bought a potion of might for 48 gold pieces
 27336 | Orc:2    | Bought a potion of invisibility for 96 gold pieces
 27336 | Orc:2    | Bought a potion of might for 48 gold pieces
 27336 | Orc:2    | Bought a potion of heal wounds for 60 gold pieces
 27336 | Orc:2    | Bought a potion of might for 48 gold pieces
 27644 | D:2      | Noticed Natasha
 27647 | D:2      | Killed Natasha
 27938 | Snake:1  | Entered Level 1 of the Snake Pit
 27960 | Snake:1  | Reached skill level 1 in Shields
 28073 | Snake:1  | Upgraded the game from 0.22-a0-441-gcf5b0c6 to 0.22-a0-443-g17c3723
 28762 | Snake:1  | Noticed Aizul
 28769 | Snake:1  | Killed Aizul
 28864 | Snake:1  | Noticed Josephine
 28872 | Snake:1  | Killed Josephine
 28872 | Snake:1  | Reached skill level 16 in Unarmed Combat
 29194 | Snake:1  | Noticed Asterion
 29442 | Snake:1  | Killed Asterion
 30059 | Snake:2  | Reached XP level 16. HP: 162/162 MP: 21/21
 31708 | Snake:3  | Reached skill level 5 in Shields
 31881 | Snake:3  | HP: 8/163 [naga warrior/trident (3)]
 32980 | Snake:4  | Entered Level 4 of the Snake Pit
 33515 | Snake:4  | Noticed Vashnia
 35599 | Snake:4  | Killed Vashnia
 35599 | Snake:4  | Reached XP level 17. HP: 163/172 MP: 22/22
 35965 | Snake:4  | Reached skill level 17 in Unarmed Combat
 35976 | Snake:4  | Noticed Roxanne
 35995 | Snake:4  | Killed Roxanne
 35996 | Snake:4  | Identified Roxanne's Tome of Earth (You took it off Roxanne on level 4 of the Snake Pit)
 37683 | Snake:4  | Got a serpentine rune of Zot
 37893 | Shoals:1 | Entered Level 1 of the Shoals
 38706 | Shoals:3 | Noticed a kraken
 39228 | Shoals:4 | Entered Level 4 of the Shoals
 39293 | Shoals:4 | Noticed Ilsuiw
 39472 | Shoals:4 | Killed Ilsuiw
 39952 | Shoals:4 | Reached XP level 18. HP: 185/185 MP: 23/23
 40714 | Shoals:4 | Got a barnacled rune of Zot
 41013 | Vaults:1 | Entered Level 1 of the Vaults
 41052 | Vaults:1 | Noticed torrenera's ghost (adept TrMo)
 41649 | Vaults:1 | Killed torrenera's ghost
 41649 | Vaults:1 | Reached skill level 18 in Unarmed Combat
 42485 | Vaults:1 | Cast into level 2 of the Abyss (a deep elf sorcerer)
 42485 | Abyss:2  | Found a corrupted altar of Lugonu.
 42704 | Abyss:2  | Found a shadowy altar of Dithmenos.
 42828 | Vaults:1 | Escaped the Abyss
 43005 | Vaults:1 | Reached skill level 10 in Invocations
 44038 | Vaults:2 | Reached XP level 19. HP: 156/196 MP: 25/25
 44697 | Vaults:1 | Reached ****** piety under Makhleb
 45415 | Vaults:3 | Found Onitix's Food Emporium.
 45415 | Vaults:3 | Found Uklilan's Jewellery Emporium.
 45460 | Vaults:3 | Found Vefforom's General Store.
 45475 | Vaults:3 | Noticed Mennas
 45526 | Vaults:3 | HP: 8/197 [Mennas/sacred scourge of holy wrath (24)]
 45535 | Vaults:3 | Mangled by Mennas

Vault maps used:
D:1:      lightli_iron_boxes, grunt_decor_resistance, minmay_pentomino_s4
D:2:      nicolae_overflow_hidden_temple, lemuel_doored_altar, first_ration,
          minmay_lizard_pond, uniq_natasha
D:3:      lemuel_crystal_altar
D:4:      minmay_opposing_rooms, temple_pool_b, fedhas_altar_1,
          uniq_blork_the_orc, uniq_edmund, uniq_robin
D:5:      serial_shops, shop, basic_altar, uniq_duvessa
D:6:      nicolae_lava_and_water
D:7:      evilmike_ruin_ashenzari, uniq_joseph
D:8:      lair_entry_dummy, serial_shops, nicolae_shop_overgrown_old_shop,
          hangedman_pestilent_swarm, grunt_ministairs_9,
          guppyfry_early_elven_hall, uniq_maurice
D:9:      cheibrodos_ideogram_h, nemelex_altar_shiori, zombieorc2_lemuel,
          serial_bayou_lagoon_a
D:11:     serial_shops, shop
D:12:     portal_ice_cave_entry_pillars_2, corexii_checkpoint_a
D:13:     wad_floor_pattern_2, pf_eden
D:14:     minmay_strange_plus, erik_vaults_1, nrook_mini_vaults
D:15:     grunt_enter_depths_snipers, serial_shops, nicolae_shop_stone,
          uniq_nessos
Temple:   dpeg_chambers_temple
Lair:2:   wad_woods_road_04
Lair:3:   minmay_snake_entry_six_corridors, grunt_megastairs_2,
          serial_bayou_shore_b
Lair:4:   shoals_dummy_entry
Lair:5:   lemuel_reptile_caves, minmay_slime_entry_oklob_enclosed,
          lemuel_fruit_fields
Lair:6:   wormcave, hangedman_lair_tendril_chambers, columned_hall_lemuel,
          bobbens_ice_dragon_lair
Shoals:1: st_cyclops
Shoals:4: shoals_end_grunt_garden, shoals_ilsuiw_ice, kb_tengu_band
Snake:1:  uniq_josephine, uniq_aizul, uniq_asterion
Snake:2:  nicolae_snakescales, spider_trap
Snake:4:  grunt_snake_rune_serpentine_throne, spider_trap, uniq_roxanne,
          uniq_vashnia
Orc:1:    basic_altar, kennysheep_orc_chapel
Orc:2:    st_orc_town
Vaults:1: ontoclasm_vaults_ligature, nicolae_vaults_diagonal_hallway_8,
          v_misc_3, vaults_room_corners, v_misc_9, nicolae_vaults_specimen_jars,
          vaults_mumra_hex, ontoclasm_vaults_gateway
Vaults:2: nicolae_vaults_network_s, vaults_mumra_lcd, serial_ice_b,
          hangedman_vaults_impose, hangedman_vaults_capsules,
          nicolae_vaults_hallways_thing, ontoclasm_vaults_shout,
          nicolae_vaults_alarming, vaults_room_large_hall, v_misc_26,
          hangedman_vaults_snaps
Vaults:3: v_misc_8, hangedman_vaults_hard_town_square, v_misc_16,
          vaults_dpeg_encased_lava, minmay_crypt_entry_skeletal_spiral,
          vaults_room_door_hall, vaults_dpeg_ring, v_misc_1, grunt_vaults_focal,
          nicolae_vaults_what_the_h, vaults_room_hallway, serial_shops, shop,
          uniq_mennas, uniq_sojobo, uniq_xtahua
IceCv:    ice_cave_statue_garden_chambered

Skill      XL: |  1  2  3  4  5  6  7  8  9 10 11 12 13 14 15 16 17 18 19 |
---------------+----------------------------------------------------------+-----
Dodging        | 2 3 4 5 6 7 8 9 |  9.5
Fighting       | 2 3 4 5 6 7 8 9 10 11 12 13 14 | 14.2
Unarmed Combat | 3 4 5 6 7 9 10 11 13 14 15 16 17 18 | 18.8
Invocations    | 1 2 3 4 6 7 8 9 10 11 | 11.1
Armour         | 1 3 4 6 7 9 10 11 12 13 | 13.9
Shields        | 4 6 8 9 |  9.0
Throwing       | |  0.8
Spellcasting   | |  1.2
Translocations | |  2.1

Action                   |  1- 3 |  4- 6 |  7- 9 | 10-12 | 13-15 | 16-18 | 19-21 || total
-------------------------+-------+-------+-------+-------+-------+-------+-------++-------
Melee: Unarmed           |   111 |   179 |   300 |   632 |  1479 |  1649 |   290 ||  4640
       Punch             |     1 |     6 |     5 |    40 |    88 |       |       ||   140
Throw: Tomahawk          |       |     1 |     7 |     8 |     7 |       |       ||    23
       Stone             |       |       |     4 |       |    10 |       |       ||    14
       Large rock        |       |       |       |       |    27 |    62 |     4 ||    93
Invok: Minor Destruction |       |       |    25 |   135 |   186 |    58 |       ||   404
       Lesser Servant of |       |       |       |    22 |    39 |    57 |     1 ||   119
       Major Destruction |       |       |       |       |       |    15 |       ||    15
Evoke: Wand              |       |       |       |     4 |     3 |    22 |       ||    29
       Lightning rod     |       |       |       |       |     3 |    12 |       ||    15
  Use: Scroll            |       |     6 |     5 |    13 |    25 |    14 |     1 ||    64
       Potion            |       |       |     2 |     5 |    12 |     9 |     9 ||    37
 Stab: Invisible         |       |       |     1 |       |       |       |       ||     1
       Paralysed         |       |       |       |     3 |     1 |       |       ||     4
       Sleeping          |       |       |       |     2 |     1 |       |       ||     3
       Distracted        |       |       |       |     5 |     4 |     4 |       ||    13
  Eat: Chunk             |    16 |    17 |    30 |    81 |   127 |    89 |    14 ||   374
       Ration            |       |       |       |     1 |     4 |    12 |       ||    17
Armor: Robe              |    48 |    31 |    47 |    91 |    63 |       |       ||   280
       Storm dragon scal |       |       |       |       |   373 |   462 |    93 ||   928
Dodge: Dodged            |    81 |    80 |   145 |   309 |   593 |   448 |    72 ||  1728
Block: Other             |       |       |       |       |    72 |       |       ||    72
       Shield            |       |       |       |       |   155 |  1048 |   194 ||  1397
       Reflection        |       |       |       |       |    12 |   123 |    11 ||   146

Table legend:
 A = Spawn XP
 B = Non-spawn XP
 C = Spawn XP percentage of total XP
 D = Spawn monster count
 E = Non-spawn monster count
 F = Spawn count percentage of total count
 G = Total turns spent on level
                    A         B        C        D         E        F      G
               +---------+---------+-------+---------+---------+-------+---------
         Total |    3318 |  415754 |   0.8 |       8 |    1341 |   0.6 | 45535
               +---------+---------+-------+---------+---------+-------+---------
           D:1 |       0 |      46 |   0.0 |       0 |      26 |   0.0 |   910
           D:2 |       0 |     186 |   0.0 |       0 |      33 |   0.0 |   850
           D:3 |       0 |     154 |   0.0 |       0 |      26 |   0.0 |   847
           D:4 |       0 |    1632 |   0.0 |       0 |      40 |   0.0 |  1348
           D:5 |       0 |     923 |   0.0 |       0 |      25 |   0.0 |   931
           D:6 |       0 |    1445 |   0.0 |       0 |      20 |   0.0 |  1178
           D:7 |       0 |    1571 |   0.0 |       0 |      26 |   0.0 |   975
           D:8 |       0 |    3686 |   0.0 |       0 |      22 |   0.0 |  1147
           D:9 |       0 |    3782 |   0.0 |       0 |      68 |   0.0 |  1589
          D:10 |       0 |     890 |   0.0 |       0 |       7 |   0.0 |   761
          D:11 |       0 |    4049 |   0.0 |       0 |      32 |   0.0 |   989
          D:12 |       0 |    2126 |   0.0 |       0 |      27 |   0.0 |  1461
          D:13 |       0 |    6960 |   0.0 |       0 |      36 |   0.0 |  1304
          D:14 |       0 |   16431 |   0.0 |       0 |      43 |   0.0 |  1719
          D:15 |       0 |   13661 |   0.0 |       0 |      30 |   0.0 |  1083
        Lair:1 |       0 |    4792 |   0.0 |       0 |      17 |   0.0 |  1206
        Lair:2 |       0 |    4885 |   0.0 |       0 |      23 |   0.0 |  1101
        Lair:3 |       0 |    4752 |   0.0 |       0 |      21 |   0.0 |  1240
        Lair:4 |       0 |    6940 |   0.0 |       0 |      27 |   0.0 |  1319
        Lair:5 |       0 |    7401 |   0.0 |       0 |      53 |   0.0 |  1753
        Lair:6 |       0 |   26139 |   0.0 |       0 |     102 |   0.0 |  2658
      Shoals:1 |       0 |   13701 |   0.0 |       0 |      28 |   0.0 |   488
      Shoals:2 |       0 |     487 |   0.0 |       0 |       2 |   0.0 |    43
      Shoals:3 |       0 |   12553 |   0.0 |       0 |      26 |   0.0 |  1094
      Shoals:4 |       0 |   32559 |   0.0 |       0 |      64 |   0.0 |  1297
       Snake:1 |       0 |   18863 |   0.0 |       0 |      32 |   0.0 |  1672
       Snake:2 |       0 |   17295 |   0.0 |       0 |      41 |   0.0 |  1577
       Snake:3 |       0 |   16099 |   0.0 |       0 |      34 |   0.0 |  2576
       Snake:4 |       0 |   65147 |   0.0 |       0 |      94 |   0.0 |  4007
         Orc:1 |       0 |    4315 |   0.0 |       0 |      37 |   0.0 |   854
         Orc:2 |       0 |   11122 |   0.0 |       0 |      88 |   0.0 |  1100
      Vaults:1 |       0 |   45294 |   0.0 |       0 |      77 |   0.0 |  1988
      Vaults:2 |       0 |   43717 |   0.0 |       0 |      73 |   0.0 |  1476
      Vaults:3 |       0 |   15323 |   0.0 |       0 |      19 |   0.0 |   284
       Abyss:2 |    3318 |    5638 |  37.0 |       8 |      15 |  34.8 |   343
         IceCv |       0 |    1190 |   0.0 |       0 |       7 |   0.0 |   149
               +---------+---------+-------+---------+---------+-------+---------
